 Dungeon Crawl Stone Soup version 0.30.0 (webtiles) character file.

Game seed: 5520917907769067163

19 DearestLeader the Conjurer (level 2, 0/23 HPs)
             Began as a Draconian Conjurer on May 6, 2023.
             Succumbed to an adder's poison
             ... on level 2 of the Dungeon.
             The game lasted 00:01:40 (874 turns).

DearestLeader the Conjurer (Draconian Conjurer)      Turns: 874, Time: 00:01:40

Health: 0/23       AC:  4    Str:  9    XL:     2   Next: 55%
Magic:  5/5        EV: 12    Int: 18    God:
Gold:   54         SH:  0    Dex:  9    Spells: 2/5 levels left

rFire   . . .        f - +1 dagger (speed)
rCold   . . .        (no shield)
rNeg    . . .        (body armour unavailable)
rPois   .            (helmet restricted)
rElec   .            (no cloak)
rCorr   .            (no gloves)
SInv    .            (no boots)
Will    .....        (no amulet)
Stlth   ++           (no ring)
HPRegen 0.23/turn    (no ring)
MPRegen 0.09/turn

%: no passive effects
@: lethally poisoned (0 -> -8)
A: AC +4, unfitting armour, cold-blooded
a: no special abilities


You were on level 2 of the Dungeon.
You visited 1 branch of the dungeon, and saw 2 of its levels.

You collected 54 gold pieces.

Inventory:

Hand Weapons
 f - a +1 dagger of speed (weapon)
Scrolls
 b - a scroll of magic mapping {unknown}
 c - a scroll of amnesia {unknown}
 d - a scroll of fog {unknown}
 g - a scroll of identify {unknown}
Potions
 a - a potion of magic
 e - 2 potions of flight {unknown}
 h - a potion of brilliance {unknown}
 i - a potion of ambrosia {unknown}


   Skills:
 + Level 1.0 Fighting
 - Level 2.0 Dodging
 - Level 2.0 Stealth
 - Level 2.0 Spellcasting
 * Level 4.3 Conjurations


You had 2 spell levels left.
You knew the following spells:

 Your Spells              Type           Power      Damage    Failure   Level
a - Magic Dart            Conj           68%        1d6       3%          1
b - Searing Ray           Conj           34%        2d5       4%          2

Your spell library contained the following spells:

 Spells                   Type           Power      Damage    Failure   Level
 Dazzling Flash           Conj/Hex       18%        N/A       22%         3
 Fulminant Prism          Conj/Hex       4%         3d5       58%         4
 Iskenderun's Mystic Bla  Conj/Tloc      9%         2d4       58%         4


Dungeon Overview and Level Annotations

Branches:
Dungeon (2/15)

Altars:

Shops:
D:1 :


Innate Abilities, Weirdness & Mutations

Your plain brown scales are hard. (AC +4)
You cannot fit into any form of body armour.
You are cold-blooded and may be slowed by cold attacks.


Message History

The adder is heavily wounded.
A bat comes into view.
The adder bites you.
You are poisoned.
The adder poisons you!
The bat moves out of view.
You hit the adder.
The adder is severely wounded.
You feel sick. The adder bites you.
You closely miss the adder.
The adder is severely wounded.
You feel sick. The adder closely misses you.
You barely miss the adder.
Your tail-slap misses the adder.
The adder is severely wounded.
You feel sick. The adder bites you.
You are more poisoned.
The adder poisons you!
You barely miss the adder.
The adder is severely wounded.
You feel sick. The goblin closely misses you. The adder closely misses you.
You barely miss the adder.
Your tail-slap misses the adder.
The adder is severely wounded.
You feel sick. The goblin closely misses you.
The adder bites you but does no damage.
You feel sick. The adder barely misses you.
The goblin attacks as you move away! The goblin hits you with a +0 dagger.
A frilled lizard comes into view.
You feel sick. The bat misses you. The adder attacks as you move away!
The adder bites you. The goblin attacks as you move away!
The goblin closely misses you.
You feel sick. The bat hits you. The adder bites you.
* * * LOW HITPOINT WARNING * * *
The adder attacks as you move away! The adder bites you but does no damage.
A bat comes into view.
You feel sick. The bat hits you but does no damage.
The adder attacks as you move away! The adder bites you.
* * * LOW HITPOINT WARNING * * *
You are more poisoned.
The adder poisons you!
A bat comes into view.
You die...

... .......... #..##
......!... #.l.
#.........
...###!.......
...........
#.##..#.###
#..#.<....##
####.gJ......#
#.@.Sb(.).....#
#...b$.###.........#
......# #.........#
.....# #..?.......
.##.. #.....?....
..b #.......... ...
...§≈≈≈≈≈≈# ##.


You could see an adder, an endoplasm, a goblin and 3 bats.

Vanquished Creatures
  2 dart slugs (D:1)
  2 goblins (D:1)
  2 hobgoblins (D:1)
  3 ball pythons (D:1)
  4 bats (D:1)
  2 frilled lizards (D:1)
  A kobold (D:1)
  A rat (D:1)
17 creatures vanquished.

Notes
Turn   | Place    | Note
-------+----------+-------------------------------------------
     0 | D:1      | DearestLeader the Draconian Conjurer began the quest for
                  | the Orb.
     0 | D:1      | Reached XP level 1. HP: 14/14 MP: 3/3
   292 | D:1      | Reached XP level 2. HP: 10/22 MP: 1/5
   468 | D:1      | Found Bour's Book Emporium.
   520 | D:1      | Learned a level 2 spell: Searing Ray
   765 | D:1      | Reached skill level 1 in Fighting
   874 | D:2      | Succumbed to an adder's poison

Illustrated notes

Levels and vault maps discovered:
D:1:      evilmike_arrival_plus, layout_loops_ring, serial_shops,
          nicolae_book_shop_shelving, st_stairs_7
D:2:      layout_rooms, serial_shops, shop, nicolae_shop_peninsula, shop, shop,
          nicolae_shop_crystal, st_stairs_8, minmay_misc_feat_doors,
          minmay_tetromino_s2

Skill      XL: |  1  2 |
---------------+-------+-----
Dodging        | 2 |  2.0
Stealth        | 2 |  2.0
Fighting       | 1 |  1.0
Spellcasting   | |  2.0
Conjurations   | |  4.3

Action                     || total
---------------------------++-------
  Melee: Unarmed           ||    25
         Tailslap          ||     5
         Dagger            ||    16
   Cast: Magic Dart        ||    20
   Stab: Sleeping          ||     1
 Armour: Skin              ||    11
  Dodge: Dodged            ||    20
